 Dungeon Crawl Stone Soup version 0.30-a0-743-gbfdf073431 (webtiles) character file.

Game seed: 17542425678638745045

24256 Leeroy the Carver (level 13, -9/72 HPs)
             Began as a Vine Stalker Warper on Feb 7, 2023.
             Was a Believer of Uskayaw.
             Mangled by a centaur warrior simulacrum (23 damage)
             ... in a Gauntlet.
             The game lasted 00:22:03 (13932 turns).

Leeroy the Carver (Vine Stalker Warper)            Turns: 13932, Time: 00:22:03

Health: -9/72      AC: 16    Str: 15    XL:     13   Next: 12%
Magic:  0/32       EV: 17    Int: 13    God:    Uskayaw [**....]
Gold:   1012       SH:  0    Dex: 24    Spells: 6/24 levels left

rFire   . . .      SeeInvis .    D - +0 rapier (protect)
rCold   . . .      Faith    .    (no shield)
rNeg    . . .      Spirit   +    E - +1 robe of Noon {Will+ Regen+}
rPois   .          Reflect  .    X - +2 hat
rElec   .          Harm     .    S - +0 cloak
rCorr   .          Rampage  .    (no gloves)
Will    ++...      NoTele   +    Y - +2 pair of boots {Fly}
Stlth   +++                      (no amulet)
HPRegen 1.92/turn                N - +6 ring of dexterity
MPRegen 0.23/turn                P - ring of magical power

@: under a protective aura, on blink cooldown, flying
A: fangs 3, regeneration 1, magic shield, antimagic bite, no potion heal 2
a: Renounce Religion, Stomp, Line Pass


You were in a Gauntlet.
You worshipped Uskayaw.
Uskayaw was noncommittal.
You visited 3 branches of the dungeon, and saw 16 of its levels.
You also visited: Gauntlet.

You collected 1012 gold pieces.

Inventory:

Hand Weapons
 D - a +0 rapier of protection (weapon)
 O - a +2 short sword of speed
 R - a +2 dagger of draining
 T - a +5 scimitar of freezing
 W - a +0 dagger of venom
Missiles
 d - 7 boomerangs of dispersal
 e - 23 poisoned darts
 f - 6 atropa-tipped darts
 m - 5 boomerangs
Armour
 b - a +0 leather armour
 x - a +0 plate armour
 B - a +0 helmet
 C - the +1 scale mail of Patterns {+Blink Int+3}
   (You found it on level 5 of the Dungeon)

   Int:       It affects your intelligence (+3).
   +Blink:    It lets you blink.
 E - the +1 robe of Noon (worn) {Will+ Regen+}
   (You found it on level 6 of the Dungeon)

   Regen:     It increases your rate of health regeneration.
   Will:      It increases your willpower.
 S - a +0 cloak (worn)
 V - a +0 cloak
 X - a +2 hat (worn)
 Y - a +2 pair of boots of flying (worn)
 Z - a scarf of invisibility
Jewellery
 n - a ring of poison resistance
 p - an amulet of guardian spirit
 N - a +6 ring of dexterity (left hand)
 P - a ring of magical power (right hand)
Wands
 k - a wand of digging (13)
 v - a wand of roots (4) (quivered)
 y - a wand of quicksilver (10)
 L - a wand of mindburst (10)
 Q - a wand of paralysis (7)
 U - a wand of flame (11)
Scrolls
 a - a scroll of noise
 c - a scroll of blinking
 g - 5 scrolls of teleportation
 h - 3 scrolls of fog
 o - 4 scrolls of magic mapping
 r - a scroll of summoning
 s - 2 scrolls of brand weapon
 t - 2 scrolls of enchant armour
 F - 4 scrolls of poison
 G - a scroll of fear
 J - a scroll of amnesia
 K - 2 scrolls of torment
Potions
 i - a potion of magic
 j - 5 potions of flight
 l - 4 potions of attraction
 q - 7 potions of curing
 u - 4 potions of heal wounds {unknown}
 w - 4 potions of degeneration {unknown}
 z - a potion of invisibility
 A - 3 potions of brilliance {unknown}
 H - 3 potions of mutation {unknown}
 M - a potion of berserk rage {unknown}
Miscellaneous
 I - a phial of floods


   Skills:
 - Level 10.5 Fighting
 - Level 14.2 Long Blades
 - Level 0.8 Throwing
 - Level 3.2 Armour
 - Level 6.3 Dodging
 - Level 3.1 Stealth
 - Level 6.3 Spellcasting
 - Level 3.0 Translocations
 * Level 1.7 Evocations


You had 6 spell levels left.
You knew the following spells:

 Your Spells              Type           Power      Damage    Failure   Level
a - Blink                 Tloc           22%        N/A       8%          2
b - Mephitic Cloud        Conj/Pois/Air  4%         N/A       45%         3
c - Vhi's Electric Charg  Tloc/Air       14%        N/A       26%         3
d - Ozocubu's Armour      Ice            4%         N/A       45%         3
e - Manifold Assault      Tloc           11%        N/A       43%         4
f - Teleport Other        Tloc           11%        N/A       14%         3

Your spell library contained the following spells:

 Spells                   Type           Power      Damage    Failure   Level
 Apportation              Tloc           22%        N/A       4%          1
 Lesser Beckoning         Tloc           22%        N/A       8%          2
 Magic Dart               Conj           16%        1d3       17%         1
 Necrotise                Necr           16%        1d4       17%         1
 Summon Small Mammal      Summ           16%        N/A       17%         1
 Call Imp                 Summ           4%         N/A       26%         2
 Searing Ray              Conj           8%         2d4       26%         2
 Fulminant Prism          Conj/Hex       2%         3d5       86%         4
 Leda's Liquefaction      Hex/Erth       2%         N/A       86%         4
 Arcjolt                  Conj/Air       2%         1d12      99%         5
 Lee's Rapid Deconstruct  Erth           2%         3d4*      99%         5
 Metabolic Englaciation   Hex/Ice        2%         N/A       99%         5
 Simulacrum               Ice/Necr       2%         N/A       100%        6
 Statue Form              Tmut/Erth      2%         N/A       100%        6
 Storm Form               Tmut/Air       2%         N/A       100%        7
 Maxwell's Capacitive Co  Air            2%         ∞         100%        8


Dungeon Overview and Level Annotations

Branches:
Dungeon (11/15)            Temple (1/1) D:5            Lair (4/5) D:8
  Swamp (0/4) Lair:3       Spider (0/4) Lair:2        Slime (0/5) Lair:4
Gauntlet (1/1)
    Orc: D:9-12

Altars:
Ashenzari
Cheibriados
Dithmenos
Elyvilon
Fedhas
Gozag
Hepliaklqana
Kikubaaqudgha
Makhleb
Nemelex Xobeh
Okawaru
Qazlal
Ru
Sif Muna
Trog
Uskayaw
Vehumet
Wu Jian
Xom
Yredelemnul
Zin
The Shining One
Jiyva

Shops:
D:1 =

Annotations:
Gauntlet 11 transporters, exclusion: oklob plant


Innate Abilities, Weirdness & Mutations

You have razor-sharp teeth.
Your natural rate of healing is unusually fast.
When hurt, damage is shared between your health and your magic reserves.
Your bite disrupts and absorbs the magic of your enemies.
Potions cannot restore your health.


Message History

The meliai simulacrum vaporises!
The centaur warrior simulacrum hits you!
The centaur warrior simulacrum freezes you!!
The centaur warrior simulacrum kicks you but does no damage.
You completely miss the centaur warrior simulacrum.
The centaur warrior simulacrum hits you!
The centaur warrior simulacrum freezes you!
The centaur warrior simulacrum kicks you but does no damage.
Casting: Blink (safe; 8% risk of failure)
Confirm with . or Enter, or press ? or * to list all spells.
You blink.
Aiming: Fastroot
Press: ? - help, Shift-Dir - straight line, f - centaur warrior simulacrum
Aim: a centaur warrior simulacrum The roots erupt in riotous growth!
Roots grab the centaur warrior simulacrum. x2
Roots grab the cane toad simulacrum.
The grasping roots constrict the centaur warrior simulacrum.
The grasping roots constrict the cane toad simulacrum.
The grasping roots constrict the centaur warrior simulacrum.
The centaur warrior simulacrum escapes!
The centaur warrior simulacrum struggles to escape constriction.
The cane toad simulacrum struggles to escape constriction.
The centaur warrior simulacrum struggles to escape constriction.
The centaur warrior simulacrum hits you.
The centaur warrior simulacrum freezes you!
* * * LOW HITPOINT WARNING * * *
The centaur warrior simulacrum completely misses you.
You can now pass through a line of other dancers.
You puncture the centaur warrior simulacrum!
The centaur warrior simulacrum is heavily damaged.
The grasping roots constrict the cane toad simulacrum.
The grasping roots constrict the centaur warrior simulacrum.
The roots release their grip on the centaur warrior simulacrum.
The cane toad simulacrum struggles to escape constriction.
The centaur warrior simulacrum hits you but does no damage.
The centaur warrior simulacrum kicks you.
* * * LOW HITPOINT WARNING * * *
The centaur warrior simulacrum freezes you!!
You die...

##..###########..#.#.©.#.#
#≈..#...[©[...#..#^.P.P.^#
##..#..P......#..#.8.8.⌠.#
#≈..#.P#...#..#..#DD.....#
##§.#...P.°P..#..#########
#≈§.#....ZZ...#..§...©....
##§.#.........#.∩§........
#≈..#..#.Z.#..#.§≈#≈#≈#≈#§
##§.#....@....#..#########
#§§.#.........#..≈#
##§.###########§§##
#≈§......©.....∩.≈#
##.............§.##
##§#≈#≈#§#≈#≈#≈##
###############


You could see a cane toad simulacrum (rooted) and 2 centaur warrior simulacra.

Vanquished Creatures
  Gastronok (Lair:2)
  3 death yaks (Lair:3)
  Maurice (D:10)
  4 elephants (Lair:3)
  A black mamba (Lair:3)
  A torpor snail (Lair:2)
  5 cane toads
  3 rime drakes
  3 komodo dragons
  3 burning bushes (Lair:2)
  15 blink frogs
  3 slime creatures (Lair:4)
  2 wraiths (D:9)
  24 yaks
  2 shadows
  2 basilisks
  2 vampire mosquitoes (D:11)
  A steam dragon (D:6)
  10 water moccasins
  A meliai simulacrum (Gauntlet)
  2 ice beasts
  A sky beast (D:6)
  5 orc warriors
  16 wolves
  A black bear (D:5)
  3 centaurs
  An ogre (D:6)
  3 kobold brigands
  16 bullfrogs
  4 scorpions
  2 necrophages
  8 wights
  9 killer bees (D:10)
  5 howler monkeys
  A hound (D:6)
  A jelly (Lair:4)
  Crazy Yiuf (D:3)
  6 orc priests
  A gnoll bouda (D:7)
  4 iguanas
  Natasha (thrice) (D:4)
  7 hell rats (Lair:3)
  19 orc wizards
  A hound zombie (D:3)
  8 gnolls
  8 adders
  5 white imps
  2 ufetubi
  An adder zombie (D:3)
  2 worms
  2 dart slugs
  29 orcs
  13 ball pythons
  7 endoplasms
  4 giant cockroaches
  8 goblins
  8 hobgoblins
  25 kobolds
  3 quokkas
  A ball python zombie (D:3)
  7 bats
  8 frilled lizards
  6 rats
354 creatures vanquished.

Vanquished Creatures (others)
  2 demonic plants (D:3)
  17 fungi
  16 plants
  24 withered plants
59 creatures vanquished.

Grand Total: 413 creatures vanquished

Notes
Turn   | Place    | Note
-------+----------+-------------------------------------------
     0 | D:1      | Leeroy the Vine Stalker Warper began the quest for the Orb.
     0 | D:1      | Reached XP level 1. HP: 11/11 MP: 4/4
    70 | D:1      | Reached skill level 2 in Long Blades
   112 | D:1      | Found Bazos's Jewellery Shop.
   115 | D:1      | Reached XP level 2. HP: 15/15 MP: 6/6
   133 | D:1      | Reached skill level 1 in Stealth
   331 | D:1      | Reached XP level 3. HP: 6/18 MP: 2/7
   562 | D:1      | Learned a level 2 spell: Blink
   566 | D:1      | Learned a level 3 spell: Mephitic Cloud
  1219 | D:2      | Gained mutation: Your natural rate of healing is unusually
                  | fast. [Vine Stalker growth]
  1219 | D:2      | Reached XP level 4. HP: 22/23 MP: 9/9
  2011 | D:3      | Found a faded altar of an unknown god.
  2485 | D:3      | Found a basalt altar of Yredelemnul.
  2502 | D:3      | Learned a level 3 spell: Vhi's Electric Charge
  2527 | D:3      | Reached XP level 5. HP: 26/26 MP: 10/12
  2664 | D:3      | Found a runed translucent door.
  2665 | D:3      | Noticed Crazy Yiuf
  2957 | D:4      | Reached skill level 5 in Spellcasting
  3098 | D:4      | Found a blossoming altar of Fedhas.
  3100 | D:4      | Found an ancient bone altar of Kikubaaqudgha.
  3103 | D:4      | Found an iron altar of Okawaru.
  3127 | D:4      | Reached XP level 6. HP: 25/30 MP: 13/15
  3159 | D:4      | Noticed Natasha
  3246 | D:4      | Killed Natasha
  3267 | D:4      | Noticed Natasha
  3289 | D:4      | Killed Natasha
  3414 | D:4      | Noticed Natasha
  3421 | D:4      | Killed Natasha
  3503 | D:5      | Entered Level 5 of the Dungeon
  3544 | D:5      | Noticed an ice beast
  3757 | D:5      | Reached XP level 7. HP: 27/34 MP: 11/17
  3811 | D:5      | Found a staircase to the Ecumenical Temple.
  3856 | Temple   | Entered the Ecumenical Temple
  4179 | Temple   | Became a worshipper of Uskayaw the Reveller
  4216 | D:5      | Identified the +1 scale mail of Patterns {+Blink Int+3}
  4325 | D:5      | Reached * piety under Uskayaw
  4334 | D:5      | Reached ** piety under Uskayaw
  4357 | D:5      | Reached *** piety under Uskayaw
  4405 | D:5      | Reached **** piety under Uskayaw
  4855 | D:6      | Reached skill level 5 in Dodging
  4855 | D:6      | Gained mutation: You have razor-sharp teeth. [Vine Stalker
                  | growth]
  4855 | D:6      | Reached XP level 8. HP: 26/35 MP: 18/18
  5095 | D:6      | Identified the +1 robe of Noon {Will+ Regen+}
  5295 | D:6      | Learned a level 3 spell: Ozocubu's Armour
  5369 | D:6      | Reached skill level 3 in Long Blades
  5679 | D:7      | Reached skill level 4 in Long Blades
  5764 | D:7      | Reached skill level 5 in Long Blades
  5764 | D:7      | Reached XP level 9. HP: 28/42 MP: 14/19
  5787 | D:7      | Reached ***** piety under Uskayaw
  5798 | D:7      | Reached ****** piety under Uskayaw
  6015 | D:7      | Reached skill level 6 in Long Blades
  6269 | D:7      | Reached skill level 7 in Long Blades
  6814 | D:8      | Learned a level 4 spell: Manifold Assault
  6910 | D:8      | Reached skill level 1 in Evocations
  6987 | D:8      | Reached skill level 8 in Long Blades
  7083 | D:8      | Found a staircase to the Lair.
  7446 | D:9      | Reached skill level 9 in Long Blades
  7446 | D:9      | Reached XP level 10. HP: 21/46 MP: 15/20
  7522 | D:10     | Entered Level 10 of the Dungeon
  7704 | D:10     | Reached skill level 10 in Long Blades
  8720 | D:10     | Noticed Maurice
  8744 | D:10     | Killed Maurice
  8745 | D:10     | Reached skill level 11 in Long Blades
  9218 | D:11     | Noticed a brown ugly thing
  9409 | D:3      | Killed Crazy Yiuf
 10145 | D:11     | Reached skill level 12 in Long Blades
 10145 | D:11     | Reached XP level 11. HP: 13/50 MP: 5/21
 10399 | Lair:1   | Entered Level 1 of the Lair of Beasts
 10439 | Lair:1   | Reached skill level 1 in Armour
 10889 | Lair:1   | Reached skill level 13 in Long Blades
 11584 | Lair:2   | Found a hole to the Spider Nest.
 11594 | Lair:2   | Learned a level 3 spell: Teleport Other
 11651 | Lair:2   | You are sucked into a shaft and drop 1 floor!
 11674 | Lair:3   | Reached skill level 14 in Long Blades
 11826 | Lair:3   | Reached XP level 12. HP: 32/56 MP: 22/22
 12045 | Lair:2   | Noticed Gastronok
 12062 | Lair:2   | Killed Gastronok
 12063 | Lair:2   | Reached skill level 5 in Fighting
 12711 | Lair:3   | Found a staircase to the Swamp.
 12973 | Lair:3   | Noticed a death yak
 12993 | Lair:3   | Noticed a death yak
 12996 | Lair:3   | Noticed a death yak
 13018 | Lair:3   | Killed a death yak
 13025 | Lair:3   | Killed a death yak
 13029 | Lair:3   | Killed a death yak
 13430 | Lair:4   | Found a staircase to the Slime Pits.
 13431 | Lair:4   | Found a viscous altar of Jiyva.
 13476 | Lair:4   | Reached XP level 13. HP: 58/72 MP: 23/23
 13517 | Lair:4   | Found a gate leading to a gauntlet.
 13556 | Lair:4   | Reached skill level 10 in Fighting
 13722 | Gauntlet | Entered a Gauntlet
 13722 | Gauntlet | Found a transporter.
 13722 | Gauntlet | Found a transporter.
 13722 | Gauntlet | Found a transporter.
 13734 | Gauntlet | Found a transporter.
 13737 | Gauntlet | Found a transporter.
 13745 | Gauntlet | Found a transporter.
 13748 | Gauntlet | Found a transporter.
 13756 | Gauntlet | Found a transporter.
 13756 | Gauntlet | Found the +0 mask of the Dragon {Will+ Slay+3 SInv}
 13776 | Gauntlet | Found a transporter.
 13794 | Gauntlet | Found a transporter.
 13798 | Gauntlet | Found a transporter.
 13801 | Gauntlet | Noticed a dire elephant
 13808 | Gauntlet | Found a transporter.
 13932 | Gauntlet | Mangled by a centaur warrior simulacrum

Illustrated notes

Levels and vault maps discovered:
D:1:      reono_arrival_forest_river, layout_basic, serial_shops,
          nicolae_shop_hallway_plus, st_stairs_11, hex_large, minmay_3d_cube
D:2:      minmay_alternating_diamond, layout_basic, nrook_mini_vaults,
          minmay_hexomino_f4
D:3:      layout_loops_corners, nicolae_yredelemnul_corpse_copse,
          shapermc_ecumenical_altar_gd, uniq_crazy_yiuf_cottage
D:4:      layout_gridville, grunt_temple_overflow_open, minivault_27,
          uniq_natasha
D:5:      layout_rooms, minmay_temple_entry_mini_moons, serial_co_window_serial,
          co_window_paths_a, co_window_paths_a, co_window_of_opportunity_a,
          co_window_corner_a, co_window_paths_a, co_window_corner_b,
          co_window_corner_b, co_window_corner_b, co_window_broadway_c,
          co_window_4corner_a, glass_columns_c, glass_columns_c
D:6:      layout_basic
D:7:      layout_layer_cave
D:8:      layout_loops_ring, lair_entry_dummy
D:9:      layout_small_grid, minmay_misc_feat_square, st_stairs_7
D:10:     layout_loops_ring, chequers_serial_rivers_small_b, uniq_maurice
D:11:     layout_rooms, david_orc_2
Temple:   dpeg_five_rooms_temple
Lair:1:   layout_roguey, grunt_megastairs_4, infiniplex_staircase_pool_2
Lair:2:   layout_chaotic_city, spider_nest_entry_webs, evilmike_ambush
          [evilmike_ambush_outer_corners, evilmike_ambush_inner_basic],
          uniq_gastronok
Lair:3:   layout_regular_city, swamp_mist, chequers_serial_rivers_small_3
Lair:4:   layout_loops_ring, minmay_slime_entry_pillars, gauntlet_entry_generic
Gauntlet: minmay_gauntlet_mixed_big_or_small [gammafunk_gauntlet_arena_hedges,
          minmay_gauntlet_arena_77_museum, nicolae_gauntlet_arena_quarters,
          minmay_gauntlet_arena_77_mirror,
          gammafunk_gauntlet_arena_split_diamond,
          minmay_gauntlet_arena_77_broken_ladder, gauntlet_exit_green]

Skill      XL: |  1  2  3  4  5  6  7  8  9 10 11 12 13 |
---------------+----------------------------------------+-----
Long Blades    | 2 5 9 12 14 | 14.2
Stealth        | 2 3 |  3.1
Spellcasting   | 4 5 6 |  6.3
Dodging        | 2 5 6 |  6.3
Evocations     | 1 |  1.7
Armour         | 3 |  3.2
Fighting       | 2 9 10 | 10.5
Throwing       | |  0.8
Translocations | |  3.0

Action                     |  1- 3 |  4- 6 |  7- 9 | 10-12 | 13-15 || total
---------------------------+-------+-------+-------+-------+-------++-------
  Melee: Falchion          |    61 |       |       |       |       ||    61
         Bite              |    27 |    76 |   204 |   217 |    11 ||   535
         Dagger            |    39 |   255 |   237 |       |       ||   531
         Punch             |     1 |     3 |     3 |     7 |     1 ||    15
         Rapier            |       |       |   286 |   146 |     4 ||   436
         Short sword       |       |       |       |   107 |       ||   107
         Scimitar          |       |       |       |   416 |    32 ||   448
   Cast: Blink             |       |     1 |     3 |     1 |     1 ||     6
         Vhi's Electric Ch |       |       |     1 |       |       ||     1
         Mephitic Cloud    |       |       |       |     2 |       ||     2
  Evoke: Wand              |       |       |     2 |       |     1 ||     3
    Use: Scroll            |       |     1 |     1 |    19 |     2 ||    23
   Stab: Sleeping          |     6 |    10 |       |     4 |       ||    20
         Paralysed         |       |       |    16 |    32 |     1 ||    49
         Confused          |       |       |       |     1 |       ||     1
 Armour: Leather armour    |    31 |    27 |    33 |       |       ||    91
         Robe              |       |       |   124 |   136 |     8 ||   268
  Dodge: Dodged            |    59 |    73 |   424 |   440 |    24 ||  1020

Table legend: (Time is in decaauts)
 A = Elapsed time spent in this place.
 B = Non-inter-level travel time spent in this place.
 C = Inter-level travel time spent in this place.
 D = Time resting spent in this place.
 E = Time spent auto-exploring this place.
 F = Levels seen in this place.
 G = Mean time per level.
                   A        B        C        D        E       F      G
               +--------+--------+--------+--------+--------+-----+--------+
         Total |  13544 |  12409 |   1135 |    547 |   9080 |  17 |  796.7 |
       Dungeon |   9757 |   8949 |    808 |    547 |   6385 |  11 |  887.0 |
        Temple |    352 |    274 |     78 |      0 |    261 |   1 |  352.0 |
          Lair |   3225 |   2976 |    249 |      0 |   2305 |   4 |  806.2 |
      Gauntlet |    208 |    208 |      0 |      0 |    129 |   1 |  208.0 |
               +--------+--------+--------+--------+--------+-----+--------+

Top non-repeatable levels by time:
     D:6: 1195 daAuts
    D:10: 1134 daAuts
     D:1: 1091 daAuts
  Lair:3: 1074 daAuts
     D:7: 1044 daAuts
     D:3: 1042 daAuts
  Lair:2: 1004 daAuts
     D:5: 952 daAuts
     D:9: 874 daAuts
  Lair:1: 854 daAuts
     D:8: 830 daAuts
     D:2: 737 daAuts
     D:4: 625 daAuts
  Temple: 352 daAuts
  Lair:4: 292 daAuts
